 Dungeon Crawl Stone Soup version 0.27-a0-1196-g3e9cee4cb2 (webtiles) character file.

Game seed: 8847671143681269467

272 Ijustatesigmund the Chopper (level 6, 41/49 HPs)
             Began as a Demonspawn Fighter on May 27, 2021.
             Quit the game on level 4 of the Dungeon.
             The game lasted 00:03:53 (3369 turns).

Ijustatesigmund the Chopper (Demonspawn Fighter)    Turns: 3369, Time: 00:03:54

Health: 41/49      AC:  4    Str: 17    XL:     6   Next: 2%
Magic:  6/6        EV:  4    Int:  9    God:
Gold:   157        SH:  9    Dex: 14    Spells: 5/5 levels left

rFire    . . .     SeeInvis .   a - +0 war axe
rCold    . . .     Faith    .   c - +0 kite shield
rNeg     . . .     Spirit   .   b - +0 chain mail
rPois    .         Reflect  .   (helmet restricted)
rElec    .         Harm     .   (no cloak)
rCorr    .         Rampage  .   (no gloves)
Will     .....                  (no boots)
Stlth    ..........             (no amulet)
HPRegen  0.16/turn              (no ring)
MPRegen  0.10/turn              (no ring)

@: corroded
A: hooves 2, horns 1
a: no special abilities


You were on level 4 of the Dungeon.
You visited 1 branch of the dungeon, and saw 4 of its levels.

You collected 157 gold pieces.

Inventory:

Hand Weapons
 a - a +0 war axe (weapon)
 l - a +2 vorpal flail
Armour
 b - a +0 chain mail (worn)
 c - a +0 kite shield (worn)
Jewellery
 f - a ring of flight
 h - a ring of fire
 n - a ring of magical power
Scrolls
 e - 2 scrolls of magic mapping
 k - a scroll of holy word {unknown}
 m - 3 scrolls of identify
 o - a scroll of amnesia {unknown}
Potions
 d - a potion of might
 g - a potion of heal wounds
 i - a potion of ambrosia
 j - a potion of lignification {unknown}


   Skills:
 + Level 4.5 Fighting
 * Level 4.8 Axes
 - Level 2.6 Armour
 - Level 2.6 Shields


You had 5 spell levels left.
You didn't know any spells.
Your spell library contained the following spells:

 Spells                   Type           Power      Damage    Failure   Level
 Animate Skeleton         Necr           0%         N/A       100%        1
 Beastly Appendage        Tmut           0%         N/A       100%        1
 Pain                     Necr           0%         1d4       100%        1
 Wereblood                Tmut           0%         N/A       100%        2
 Spider Form              Tmut/Pois      0%         N/A       100%        3
 Vampiric Draining        Necr           0%         2d6       100%        3
 Animate Dead             Necr           0%         N/A       100%        4
 Ice Form                 Ice/Tmut       0%         N/A       100%        4
 Agony                    Necr           0%         N/A       100%        5
 Hydra Form               Tmut           0%         N/A       100%        5


Dungeon Overview and Level Annotations

Branches:
Dungeon (4/15)
 Temple: D:4-7

Altars:
Okawaru


Innate Abilities, Weirdness & Mutations

You have hoof-like feet.
You have a pair of small horns on your head.


Message History

No target in view!
No target in view!
No target in view!
No target in view!
No target in view!
No target in view!
No target in view!
Found an iron altar of Okawaru.
A goblin comes into view. It is wielding a +0 club.
A goblin is nearby!
The goblin hits you but does no damage.
Your chain mail prevents you from hitting the goblin.
Your headbutt misses the goblin.
The goblin hits you but does no damage. x2
You hit the goblin. You kick the goblin.
You kill the goblin!
No target in view!
No target in view!
No target in view!
No target in view!
No target in view!
No target in view!
No target in view!
o - a scroll labelled LAHAUV QIUTHE A jelly comes into view.
The jelly quivers.
Found 12 gold pieces.
You see here 10 gold pieces.
The jelly hits you but does no damage.
You slash the jelly! The acid corrodes you!
Your hands burn!
You kick the jelly.
The jelly is almost dead.
The jelly hits you but does no damage. You block the jelly's attack.
You hit the jelly.
Your hands burn!
You kick the jelly.
You kill the jelly!
You have reached level 6!
Your experience leads to an increase in your attributes!
Increase (S)trength, (I)ntelligence, or (D)exterity?
You feel agile.
Your demonic ancestry asserts itself...
Your feet thicken and deform.
Are you sure you want to abandon this character and quit the game? (Confirm with "yes".)

###.#######.##.)##...
#..................
###..#####..##.##....
....# ##........#.##
#..###.#.#.......#
#$.##.##.##..##..#
#...$.........$....
#...#.##.##.###.#..
#.@.##.#.#.## #.#
#.........# #
...#.###..# #..###.#
..# #.. #.# ..# #.
#.# .# # #.# .#


There were no monsters in sight!

Vanquished Creatures
  A wyvern skeleton (D:4)
  A jelly (D:4)
  Terence (D:3)
  2 hound skeletons (D:4)
  3 gnolls (D:2)
  4 adders
  2 worms (D:3)
  An orc (D:3)
  9 ball pythons
  5 bats
  6 endoplasms
  A giant cockroach (D:3)
  9 goblins
  5 hobgoblins
  9 jackals
  4 quokkas
  2 frilled lizards
  3 kobolds
  7 rats
75 creatures vanquished.

Notes
Turn   | Place    | Note
-------+----------+-------------------------------------------
     0 | D:1      | Ijustatesigmund the Demonspawn Fighter began the quest for
                  | the Orb.
     0 | D:1      | Reached XP level 1. HP: 18/18 MP: 1/1
   392 | D:1      | Gained mutation: You have a pair of small horns on your
                  | head. [demonic ancestry]
   392 | D:1      | Reached XP level 2. HP: 24/24 MP: 2/2
  1033 | D:2      | Reached XP level 3. HP: 27/29 MP: 3/3
  1448 | D:2      | Reached XP level 4. HP: 36/37 MP: 4/4
  1598 | D:2      | Found an iron altar of Okawaru.
  2522 | D:3      | Noticed Terence
  2537 | D:3      | Killed Terence
  2538 | D:3      | Gained mutation: You have large cloven feet. [demonic
                  | ancestry]
  2538 | D:3      | Reached XP level 5. HP: 31/42 MP: 5/5
  3026 | D:3      | Found a faded altar of an unknown god.
  3324 | D:4      | Found an iron altar of Okawaru.
  3369 | D:4      | Gained mutation: You have hoof-like feet. [demonic
                  | ancestry]
  3369 | D:4      | Reached XP level 6. HP: 41/49 MP: 6/6
  3369 | D:4      | Quit the game

Illustrated notes

Levels and vault maps discovered:
D:1:      minmay_arrival_up_and_down, layout_basic
D:2:      layout_basic, basic_altar
D:3:      layout_basic, hellmonk_ecumenical_altar_prayer_group, uniq_terence
D:4:      layout_loops_ring, okawaru_gym_becter

Skill      XL: |  1  2  3  4 |
---------------+-------------+-----
Axes           | 2 3 4 |  4.8
Fighting       | 4 |  4.5
Armour         | |  2.6
Shields        | |  2.6

Action                   |  1- 3 |  4- 6 || total
-------------------------+-------+-------++-------
Melee: War axe           |    95 |   114 ||   209
       Headbutt          |     6 |    21 ||    27
       Kick              |       |    11 ||    11
  Use: Scroll            |     2 |     1 ||     3
Armor: Scale mail        |    19 |       ||    19
       Chain mail        |    52 |    48 ||   100
Dodge: Dodged            |    24 |    23 ||    47
Block: Kite shield       |    66 |    48 ||   114

Table legend: (Time is in decaauts)
 A = Elapsed time spent in this place.
 B = Non-inter-level travel time spent in this place.
 C = Inter-level travel time spent in this place.
 D = Time resting spent in this place.
 E = Time spent auto-exploring this place.
 F = Levels seen in this place.
 G = Mean time per level.
                   A        B        C        D        E       F      G
               +--------+--------+--------+--------+--------+-----+--------+
         Total |   3489 |   3406 |     83 |    303 |   2561 |   4 |  872.2 |
       Dungeon |   3489 |   3406 |     83 |    303 |   2561 |   4 |  872.2 |
               +--------+--------+--------+--------+--------+-----+--------+

Top non-repeatable levels by time:
     D:3: 1100 daAuts
     D:2: 1038 daAuts
     D:1: 1027 daAuts
     D:4: 323 daAuts
